 Dungeon Crawl Stone Soup version 0.18.1-50-g88ac8fd (webtiles) character file.

87 Flanowski the Sneak (level 4, -1/23 HPs)
             Began as a Vine Stalker Assassin on Sept 15, 2016.
             Slain by an orc
             ... wielding a +0 club
              (4 damage)
             ... on level 3 of the Dungeon.
             The game lasted 00:02:56 (1567 turns).

Flanowski the Sneak (Vine Stalker Assassin)         Turns: 1567, Time: 00:02:57

Health: -1/23      AC:  3    Str: 14    XL:     4   Next: 51%
Magic:  0/5        EV: 12    Int: 11    God:
Gold:   90         SH:  0    Dex: 16    Spells: 0 memorised, 3 levels left

rFire  . . .     SeeInvis .     a - +2 dagger
rCold  . . .     Gourm    .     c - +0 robe
rNeg   . . .     Faith    .     (no shield)
rPois  .         Spirit   +     (no helmet)
rElec  .         Dismiss  .     d - +0 cloak
rCorr  .         Reflect  .     (no gloves)
SustAt .         Harm     .     (no boots)
MR     .....                    (no amulet)
Stlth  +++.......               (no ring)
                                (no ring)

@: not resistant to hostile enchantments, fairly stealthy
A: fangs 2, regeneration 1, magic shield, antimagic bite, no device heal 3, rot
immunity
a: no special abilities


You were on level 3 of the Dungeon.
You were not hungry.

You visited 1 branch of the dungeon, and saw 3 of its levels.

You collected 90 gold pieces.

Inventory:

Hand Weapons
 a - a +2 dagger (weapon)
 b - a +0 blowgun
Missiles
 e - 8 poisoned needles
 f - a curare-tipped needle
Armour
 c - a +0 robe (worn)
 d - a +0 cloak (worn)
Scrolls
 h - 3 scrolls of identify {unknown}
 i - a scroll of enchant armour {unknown}
 j - a scroll of blinking {unknown}
 n - a scroll of amnesia {unknown}
 p - a scroll of noise {unknown}
 q - 2 scrolls of enchant weapon {unknown}
 t - a scroll of remove curse {unknown}
 u - a scroll of recharging {unknown}
Potions
 k - a potion of mutation {unknown}
 m - a potion of berserk rage {unknown}
 r - a potion of invisibility {unknown}
Comestibles
 g - 2 bread rations
 o - 5 fruits
 s - a slice of pizza


   Skills:
 + Level 2.1 Fighting
 + Level 2.1 Short Blades
 - Level 1.7 Throwing
 * Level 2.0 Dodging
 + Level 6.0 Stealth


You had 3 spell levels left.
You didn't know any spells.

Dungeon Overview and Level Annotations

Branches:
Dungeon (3/15)

Altars:
Qazlal
Ru


Innate Abilities, Weirdness & Mutations

You have extremely sharp teeth.
Your natural rate of healing is unusually fast.
When hurt, damage is shared between your health and your magic reserves.
Your bite disrupts and absorbs the magic of your enemies.
Potions and wands cannot restore your health.
You are immune to rotting.


Message History

The curare-tipped needle hits the centaur.
The centaur is poisoned.
The centaur convulses.
The centaur seems to slow down.
The centaur is heavily wounded.
Wield which item (- for none, * to show all)? (? for menu, Esc to quit)
a - a +2 dagger (weapon)
The centaur shoots an arrow.
The arrow hits you!
* * * LOW HITPOINT WARNING * * *
The centaur unwields an uncursed shortbow.
The centaur barely misses you.
You hit the centaur.
The centaur is heavily wounded.
The centaur wields an uncursed shortbow.
The centaur shoots an arrow.
The arrow hits you!
* * * LOW HITPOINT WARNING * * *
You see here 3 arrows.
The centaur shoots an arrow.
The arrow closely misses you.
You hit the orc.
The orc is heavily wounded.
The orc hits you with a club.
You die...

#.........
#.........
##.##+#####
#.o.......
##o##.####
#oc#o# ##.#.#
##(#.#####...
#..co@.......
#............
#.........###
...
#...(.....#
#....
#.........##
.....
###........#
###.#
#........#
..#.#
#........#
#.#.#
#.>......#


You could see a centaur and 2 orcs.

Vanquished Creatures
  5 adders
  4 dart slugs
  2 orcs (D:3)
  A giant cockroach (D:3)
  3 hobgoblins
  3 jackals (D:2)
  2 kobolds
  3 bats
  5 goblins
  7 rats
35 creatures vanquished.

Notes
Turn   | Place    | Note
--------------------------------------------------------------
     0 | D:1      | Flanowski the Vine Stalker Assassin began the quest for the Orb.
     0 | D:1      | Reached XP level 1. HP: 11/11 MP: 2/2
   133 | D:1      | Reached skill level 1 in Dodging
   212 | D:1      | Reached skill level 5 in Stealth
   212 | D:1      | Reached XP level 2. HP: 13/15 MP: 3/3
   765 | D:2      | Reached XP level 3. HP: 13/18 MP: 1/4
   767 | D:2      | Found a sacrificial altar of Ru.
   994 | D:2      | Found a stormy altar of Qazlal.
  1288 | D:2      | Reached XP level 4. HP: 23/23 MP: 5/5
  1548 | D:3      | Noticed a centaur
  1556 | D:3      | Reached skill level 6 in Stealth
  1567 | D:3      | Slain by an orc

Skill      XL: |  1  2  3  4 |
---------------+-------------+-----
Dodging        | 1 2 |  2.0
Fighting       | 2 |  2.1
Stealth        | 5 6 |  6.0
Short Blades   | 2 |  2.1
Throwing       | |  1.7

Action                   |  1- 3 |  4- 6 || total
-------------------------+-------+-------++-------
Melee: Dagger            |    57 |    27 ||    84
       Bite              |    14 |     8 ||    22
 Fire: Blowgun           |       |     1 ||     1
  Use: Scroll            |     1 |       ||     1
 Stab: Sleeping          |    11 |     3 ||    14
       Distracted        |     1 |       ||     1
  Eat: Chunk             |     1 |     1 ||     2
Armor: Robe              |     7 |     4 ||    11
Dodge: Dodged            |    25 |    16 ||    41
